 Dungeon Sprint DCSS version 0.27.1-3-gb3d3a73c9e (webtiles) character file.

Game seed: 5388946247610257723

6800000 raph the Champion of Chaos (level 27, -4/228 HPs)
             Began as a Djinni Warper on Oct 9, 2021.
             Was the Champion of Makhleb.
             Killed by divine providence
             ... invoked by an accursed
              (13 damage)
             ... in the Dungeon (Sprint VIII: "Arena of Blood").
             The game lasted 00:05:40 (68 turns).

raph the Champion of Chaos (Djinni Warper)            Turns: 68, Time: 00:05:41

Health: -4/228     AC: 12    Str: 10    XL:     27
Gold:   0          EV: 34    Int: 18    God:    Makhleb [******] SH:  0 Dex: 23

rFire    + + .     SeeInvis .   i - +∞ Axe of Woe
rCold    . . .     Faith    .   (shield currently unavailable)
rNeg     + + +     Spirit   .   b - +0 leather armour
rPois    ∞         Reflect  .   (no helmet)
rElec    .         Harm     .   (no cloak)
rCorr    .         Rampage  .   (no gloves)
Will     +++..     NoTele   +   (boots unavailable)
Stlth    ++++++++++             (no amulet)
HPRegen  0.48/turn              m - +250 ring of slaying
MPRegen  0.00/turn              l - +200 ring of slaying

@: lich-form, death channeling, flying
A: draining attack, torment immunity, flying, no potions, sickness immunity,
fire resistance 2, cold vulnerability 1, float, innate caster, hp casting, extra
vitality 1
a: End Transformation, Renounce Religion, Minor Destruction, Lesser Servant of
Makhleb, Major Destruction, Greater Servant of Makhleb


You were in the Dungeon.
You worshipped Makhleb.
Makhleb was exalted by your worship.
You were an undead lich.
You visited 1 branch

Inventory:

Hand Weapons
 a - a +0 hand axe
 i - the +∞ Axe of Woe (weapon)
   (You found it in the Dungeon)
Missiles
 d - 5 boomerangs of dispersal (quivered)
Armour
 b - a +0 leather armour (worn)
Jewellery
 j - a +30 ring of slaying
 k - a +30 ring of slaying
 l - a +200 ring of slaying (right hand)
 m - a +250 ring of slaying (left hand)
Scrolls
 c - 2 scrolls of blinking
Potions
 e - a potion of curing
 f - a potion of heal wounds
 g - a potion of haste
 h - a potion of berserk rage


   Skills:
 O Level 27 Fighting
 O Level 27 Short Blades
 O Level 27 Long Blades
 O Level 27 Axes
 O Level 27 Maces & Flails
 O Level 27 Polearms
 O Level 27 Staves
 O Level 27 Slings
 O Level 27 Bows
 O Level 27 Crossbows
 O Level 27 Throwing
 O Level 27 Armour
 O Level 27 Dodging
 O Level 27 Stealth
 O Level 27 Shields
 O Level 27 Unarmed Combat
 O Level 27 Spellcasting
 O Level 27 Invocations
 O Level 27 Evocations


You couldn't memorise any spells.
You knew the following spells:

 Your Spells              Type           Power      Damage    Failure   Level
a - Blink                 Tloc           N/A        N/A       0%          2
b - Lesser Beckoning      Tloc           44%        N/A       0%          3
c - Gell's Gravitas       Tloc           44%        N/A       0%          3
d - Teleport Other        Tloc           88%        N/A       0%          3
e - Manifold Assault      Tloc           88%        N/A       0%          5
f - Animate Skeleton      Necr           100%       N/A       0%          1
g - Static Discharge      Conj/Air       88%        N/A       0%          2
h - Searing Ray           Conj           100%       3d7       0%          2
i - Dazzling Flash        Conj/Hex       100%       N/A       0%          3
j - Summon Ice Beast      Ice/Summ       88%        N/A       0%          4
k - Alistair's Intoxicat  Tmut/Pois      58%        N/A       0%          5
l - Death Channel         Necr           55%        N/A       0%          6
m - Summon Hydra          Summ           44%        N/A       1%          7
n - Ozocubu's Refrigerat  Ice            44%        4d13      1%          7
o - Necromutation         Tmut/Necr      55%        N/A       1%          8
p - Maxwell's Capacitive  Air            44%        ∞         1%          8
q - Shatter               Erth           44%        3d34*     2%          9
r - Death's Door          Necr           55%        N/A       2%          9
Your spell library was empty.

Dungeon Overview and Level Annotations

Branches:
Dungeon (1/1)

Altars:
Makhleb

Annotations:
D The Servant


Innate Abilities, Weirdness & Mutations

You are an undead lich.
Your unarmed attacks are suffused with negative energy.
You are immune to unholy pain and torment.
Your necromantic spells are more powerful.
You are flying.
You cannot drink.
You are immune to sickness and miasma.
You are immune to poison.
Your flesh is very heat resistant. (rF++)
You are vulnerable to cold. (rC-)
You float through the air rather than walking.
You learn spells naturally, not from books.
Your magical power is your life essence.
You have superior vitality. (+4 HP)


Message History

Your spectral large bag of meat fades into mist!
The large abomination hits your spectral meat berserker!
The accursed casts a spell at you. Something smites you!
* * * LOW HITPOINT WARNING * * *
The accursed hits your spectral meat berserker!
You hear a shout!
The meat berserker hits your spectral meat berserker with a +9 battleaxe!!! x2
You hear a shout! x2; The meat berserker shouts!
You carve the bag of meat like a ham!!!!!
You dissect the bag of meat like a pig carcass.
You kill the bag of meat!
Makhleb accepts your kill.
You feel better.
A glowing mist starts to gather...
You are engulfed in blazing flames.
You resist.
The tyrant gestures wildly while chanting.
You hear a shout!
The meat berserker rages.
The tentacled monstrosity tentacle-slaps your spectral bag of meat! x3
The dread throws damnation at you.
The sphere of damnation explodes!
The damnation engulfs you!!
* * * LOW HITPOINT WARNING * * *
The damnation engulfs your spectral bag of meat!!
The damnation engulfs your spectral large bag of meat!!
The damnation engulfs your spectral meat berserker!! x3
The tyrant mumbles some strange words.
You hear a shout!
The tyrant waves its bony arms in wide circles.
The air twists around and strikes you!!!
* * * LOW HITPOINT WARNING * * *
The bag of meat is engulfed in blazing flames.
The bag of meat hits your spectral meat berserker with a +9 war axe!!
The bag of meat hits your spectral bag of meat with a +9 war axe!
The meat berserker hits your spectral meat berserker with a +9 battleaxe!!
Your spectral meat berserker is engulfed in blazing flames.
Your spectral meat berserker hits the bag of meat.
Your spectral meat berserker hits the meat berserker!
The accursed casts a spell at you. Something smites you!
You die...

#.. ...# .###..
.X.###..)
......###........
.....XXoo......
#..Xoo#


oX... . #_oXLL#OL.o.. ....#..WoX#Oo@o.. ....§.XMZZZOooOX. ......###LZVoMooz
.###...V)Z.###Doo #XXXZXOZ# .X #X.XXMMX# XL.OXLXXoo X..X2OXXX.. ....X.XXLXX
......X..X## You could see 4 accurseds, 7 tentacled monstrosities, a meat beast
(fast), 6 tyrants, The Servant, an eight-headed meat hydra, 2 destroyers, a
sculptor of flesh, 2 large bags of meat, 26 large abominations, a dread (ally
target), 5 meat berserkers, 19 bags of meat, 2 friendly spectral bags of meat, 4
friendly spectral meat berserkers and a friendly spectral large bag of meat.

Vanquished Creatures
  7 vampire knights (D)
  23 ogres (D)
  6 two-headed ogres (D)
  37 orcs (D)
  7 skeletal warriors (D)
80 creatures vanquished.

Notes
Turn   | Place    | Note
-------+----------+-------------------------------------------
     0 | D        | Found the +∞ Axe of Woe
     0 | D        | raph the Djinni Warper began the quest for the Orb.
     0 | D        | Reached XP level 1. HP: 18/18 MP: 0/0
     2 | D        | Noticed a bag of meat
     3 | D        | Became a worshipper of Makhleb the Destroyer
     5 | D        | Noticed a bag of meat
     5 | D        | Noticed a meat berserker
     6 | D        | Noticed a meat berserker
     6 | D        | Noticed a bag of meat
     7 | D        | Noticed a bag of meat
     8 | D        | Killed a meat berserker
     8 | D        | Noticed a meat berserker
     8 | D        | Noticed a bag of meat
     8 | D        | Noticed a bag of meat
     8 | D        | Noticed a meat berserker
     8 | D        | Noticed a meat berserker
     9 | D        | Reached skill level 10 in Throwing
     9 | D        | Reached skill level 15 in Invocations
     9 | D        | Reached XP level 2. HP: 38/38 MP: 0/0
     9 | D        | Reached XP level 3. HP: 43/43 MP: 0/0
     9 | D        | Learned a level 1 spell: Animate Skeleton
     9 | D        | Reached XP level 4. HP: 49/49 MP: 0/0
     9 | D        | Reached XP level 5. HP: 55/55 MP: 0/0
     9 | D        | Learned a level 2 spell: Static Discharge
     9 | D        | Reached XP level 6. HP: 61/61 MP: 0/0
     9 | D        | Reached XP level 7. HP: 66/66 MP: 0/0
     9 | D        | Learned a level 2 spell: Searing Ray
     9 | D        | Reached XP level 8. HP: 72/72 MP: 0/0
     9 | D        | Reached XP level 9. HP: 77/77 MP: 0/0
     9 | D        | Learned a level 3 spell: Dazzling Flash
     9 | D        | Reached XP level 10. HP: 84/84 MP: 0/0
     9 | D        | Reached XP level 11. HP: 89/89 MP: 0/0
     9 | D        | Learned a level 4 spell: Summon Ice Beast
     9 | D        | Reached XP level 12. HP: 95/95 MP: 0/0
     9 | D        | Reached XP level 13. HP: 100/100 MP: 0/0
     9 | D        | Learned a level 5 spell: Alistair's Intoxication
    10 | D        | Noticed a meat berserker
    10 | D        | Killed a meat berserker
    10 | D        | Reached * piety under Makhleb
    10 | D        | Noticed a bag of meat
    11 | D        | Reached skill level 15 in Axes
    11 | D        | Reached XP level 14. HP: 85/111 MP: 0/0
    11 | D        | Reached XP level 15. HP: 89/116 MP: 0/0
    11 | D        | Learned a level 6 spell: Death Channel
    11 | D        | Noticed a meat berserker
    12 | D        | Reached skill level 15 in Fighting
    12 | D        | Reached skill level 15 in Armour
    12 | D        | Reached XP level 16. HP: 84/126 MP: 0/0
    12 | D        | Reached ** piety under Makhleb
    13 | D        | Killed a meat berserker
    13 | D        | Killed a meat berserker
    13 | D        | Reached *** piety under Makhleb
    13 | D        | Noticed a meat berserker
    14 | D        | Reached skill level 15 in Throwing
    14 | D        | Reached XP level 17. HP: 139/139 MP: 0/0
    14 | D        | Learned a level 7 spell: Summon Hydra
    14 | D        | Reached XP level 18. HP: 146/146 MP: 0/0
    14 | D        | Killed a meat berserker
    14 | D        | Noticed a meat berserker
    15 | D        | Reached XP level 19. HP: 155/155 MP: 0/0
    15 | D        | Learned a level 7 spell: Ozocubu's Refrigeration
    15 | D        | HP: 6/155 [meat berserker (51)]
    16 | D        | Reached **** piety under Makhleb
    16 | D        | Killed a meat berserker
    16 | D        | Killed a meat berserker
    16 | D        | Noticed a meat berserker
    17 | D        | Reached skill level 27 in Invocations
    17 | D        | Reached XP level 20. HP: 99/167 MP: 0/0
    17 | D        | Noticed a meat berserker
    17 | D        | Reached ***** piety under Makhleb
    18 | D        | Reached XP level 21. HP: 159/175 MP: 0/0
    18 | D        | Learned a level 8 spell: Necromutation
    18 | D        | Noticed a large bag of meat
    18 | D        | Noticed a meat berserker
    18 | D        | Noticed a meat berserker
    19 | D        | Killed a meat berserker
    20 | D        | Reached skill level 27 in Axes
    20 | D        | Noticed a meat berserker
    21 | D        | Noticed a large bag of meat
    21 | D        | Noticed a meat berserker
    21 | D        | Noticed a large bag of meat
    22 | D        | Noticed a meat berserker
    22 | D        | Killed a meat berserker
    23 | D        | Reached skill level 27 in Fighting
    23 | D        | Reached skill level 27 in Armour
    23 | D        | Reached skill level 27 in Dodging
    23 | D        | Reached XP level 22. HP: 165/194 MP: 0/0
    26 | D        | Killed a meat berserker
    26 | D        | Killed a large bag of meat
    27 | D        | Reached skill level 27 in Throwing
    27 | D        | Reached XP level 23. HP: 187/201 MP: 0/0
    27 | D        | Learned a level 8 spell: Maxwell's Capacitive Coupling
    28 | D        | Reached ****** piety under Makhleb
    28 | D        | Noticed a large bag of meat
    29 | D        | Reached skill level 27 in Spellcasting
    29 | D        | Reached XP level 24. HP: 201/208 MP: 0/0
    30 | D        | Reached XP level 25. HP: 210/214 MP: 0/0
    30 | D        | Learned a level 9 spell: Shatter
    31 | D        | Killed a large bag of meat
    31 | D        | Noticed a destroyer
    31 | D        | Noticed a large bag of meat
    33 | D        | Noticed a destroyer
    35 | D        | Reached XP level 26. HP: 212/221 MP: 0/0
    36 | D        | Noticed a destroyer
    40 | D        | Reached XP level 27. HP: 228/228 MP: 0/0
    40 | D        | Learned a level 9 spell: Death's Door
    40 | D        | Killed a destroyer
    41 | D        | Reached skill level 27 in Unarmed Combat
    41 | D        | Noticed a destroyer
    42 | D        | Reached skill level 27 in Stealth
    42 | D        | Killed a destroyer
    42 | D        | Noticed a destroyer
    43 | D        | Reached skill level 27 in Maces & Flails
    43 | D        | Reached skill level 27 in Polearms
    43 | D        | Reached skill level 27 in Slings
    43 | D        | Reached skill level 27 in Staves
    43 | D        | Killed a large bag of meat
    44 | D        | Reached skill level 10 in Bows
    44 | D        | Reached skill level 10 in Crossbows
    44 | D        | Killed a destroyer
    44 | D        | Killed a destroyer
    45 | D        | Reached skill level 15 in Bows
    45 | D        | Reached skill level 15 in Crossbows
    46 | D        | Killed a large bag of meat
    49 | D        | Noticed an accursed
    50 | D        | Noticed a destroyer
    50 | D        | Noticed a large bag of meat
    51 | D        | Noticed an accursed
    51 | D        | Noticed a destroyer
    51 | D        | Noticed a tyrant
    53 | D        | Killed a large bag of meat
    53 | D        | Noticed an accursed
    53 | D        | Noticed a tyrant
    54 | D        | Noticed a destroyer
    54 | D        | Noticed a large bag of meat
    54 | D        | Noticed a tyrant
    56 | D        | Killed a destroyer
    56 | D        | Killed a destroyer
    56 | D        | Noticed a destroyer
    57 | D        | Reached skill level 27 in Short Blades
    57 | D        | Reached skill level 27 in Long Blades
    57 | D        | Reached skill level 27 in Shields
    57 | D        | Reached skill level 27 in Evocations
    58 | D        | Reached skill level 27 in Bows
    58 | D        | Reached skill level 27 in Crossbows
    58 | D        | Noticed a dread
    58 | D        | Noticed an accursed
    59 | D        | Noticed a tyrant
    60 | D        | Noticed a tyrant
    61 | D        | Noticed a tyrant
    61 | D        | Noticed The Servant
    62 | D        | Noticed a tyrant
    63 | D        | Killed a destroyer
    63 | D        | Noticed a large bag of meat
    67 | D        | Killed a large bag of meat
    68 | D        | Noticed a meat beast
    68 | D        | HP: 9/228 [tyrant/the air (47)]
    68 | D        | Killed from afar by an accursed

Illustrated notes

Levels and vault maps discovered:
D:        meatsprint

Skill      XL: |  1  2  3  4  5  6  7  8  9 10 11 12 13 14 15 16 17 18 19 20 21 22 23 24 25 26 27 |
---------------+----------------------------------------------------------------------------------+-----
Fighting       | 11 13 15 18 19 22 27 | 27.0
Axes           | 13 15 17 21 22 25 26 27 | 27.0
Throwing       | 10 11 13 15 17 19 24 27 | 27.0
Armour         | 11 13 15 18 19 22 27 | 27.0
Dodging        | 12 14 16 19 21 23 24 27 | 27.0
Spellcasting   | 9 11 12 14 16 18 22 26 27 | 27.0
Invocations    | 15 18 20 24 26 27 | 27.0
Maces & Flails | 11 16 20 23 27 | 27.0
Polearms       | 11 16 20 23 27 | 27.0
Slings         | 11 16 20 23 27 | 27.0
Stealth        | 12 17 21 24 27 | 27.0
Unarmed Combat | 13 18 23 26 27 | 27.0
Staves         | 27 | 27.0
Short Blades   | 27 | 27.0
Long Blades    | 27 | 27.0
Bows           | 27 | 27.0
Crossbows      | 27 | 27.0
Shields        | 27 | 27.0
Evocations     | 27 | 27.0

Action                   |  1- 3 |  4- 6 |  7- 9 | 10-12 | 13-15 | 16-18 | 19-21 | 22-24 | 25-27 || total
-------------------------+-------+-------+-------+-------+-------+-------+-------+-------+-------++-------
Melee: Executioner's axe |     1 |       |       |       |     2 |     3 |     5 |     3 |    34 ||    48
 Cast: Animate Skeleton  |       |       |       |       |     1 |       |       |     1 |       ||     2
       Death Channel     |       |       |       |       |       |       |     1 |       |     1 ||     2
       Necromutation     |       |       |       |       |       |       |       |       |     1 ||     1
       Manifold Assault  |       |       |       |       |       |       |       |       |     2 ||     2
Armor: Leather armour    |       |       |       |       |       |       |       |       |     2 ||     2
Dodge: Dodged            |     1 |       |       |       |       |       |       |     1 |     5 ||     7
